 Dungeon Crawl Stone Soup version 0.26.1-11-gd32895ea62 (webtiles) character file.

Game seed: 5795026905635231632

276 tardwrangler69 the Digger (level 6, -4/45 HPs)
             Began as a Draconian Earth Elementalist on Apr 13, 2021.
             Slain by Duvessa
             ... wielding a +0 short sword
              (7 damage)
             ... on level 5 of the Dungeon.
             The game lasted 00:03:49 (4696 turns).

tardwrangler69 the Digger (DrEE)                    Turns: 4696, Time: 00:03:49

Health: -4/45      AC:  6    Str: 11    XL:     6   Next: 4%
Magic:  0/11       EV: 12    Int: 17    God:
Gold:   272        SH:  0    Dex: 11    Spells: 11/12 levels left

rFire    . . .     SeeInvis .   q - +0 rapier (venom)
rCold    . . .     Faith    .   (no shield)
rNeg     . . .     Spirit   .   (armour unavailable)
rPois    .         Reflect  .   (helmet restricted)
rElec    .         Harm     .   (no cloak)
rCorr    .         Rampage  .   (no gloves)
Will     .....                  (no boots)
Stlth    ++........             (no amulet)
HPRegen  0.15/turn              (no ring)
MPRegen  0.12/turn              (no ring)

@: very slightly contaminated
A: unfitting armour, cold-blooded, AC +6
a: no special abilities


You were on level 5 of the Dungeon.
You visited 1 branch of the dungeon, and saw 5 of its levels.

You collected 272 gold pieces.

Inventory:

Hand Weapons
 q - a +0 rapier of venom (weapon)
Missiles
 b - 80 stones
Armour
 v - a +0 buckler
Jewellery
 e - an uncursed amulet of faith
Wands
 u - a wand of acid (6)
Scrolls
 a - 4 scrolls of teleportation
 c - 2 scrolls of identify
 d - 3 scrolls of remove curse
 i - a scroll of amnesia {unknown}
 m - a scroll of blinking {unknown}
 r - a scroll of magic mapping {unknown}
 s - 2 scrolls of enchant weapon {unknown}
Potions
 f - a potion of ambrosia
 g - 4 potions of flight
 h - 2 potions of curing
 j - 2 potions of berserk rage
 k - a potion of heal wounds
 l - 3 potions of lignification
 n - a potion of degeneration {unknown}
 o - a potion of might {unknown}
 p - a potion of haste {unknown}
 t - 3 potions of mutation {unknown}


   Skills:
 - Level 1.7 Dodging
 - Level 1.7 Stealth
 + Level 3.7 Spellcasting
 - Level 1.0 Transmutations
 * Level 5.8 Earth Magic


You had 11 spell levels left.
You knew the following spells:

 Your Spells              Type           Power        Failure   Level
a - Sandblast             Erth           46%          1%          1

Your spell library contained the following spells:

 Spells                   Type           Power        Failure   Level
 Passwall                 Tmut/Erth      11%          6%          2
 Stone Arrow              Conj/Erth      26%          14%         3
 Petrify                  Tmut/Erth      14%          36%         4
 Lee's Rapid Deconstruct  Erth           11%          38%         5


Dungeon Overview and Level Annotations

Branches:
Dungeon (5/15)
 Temple: D:4-7

Altars:

Shops:
D:4 !

Annotations:
D:5 1 runed translucent door, Dowan; Duvessa; cyberpod32's ghost, weakling SpDe


Innate Abilities, Weirdness & Mutations

Your plain brown scales are hard. (AC +6)
You cannot fit into any form of body armour.
You are cold-blooded and may be slowed by cold attacks.


Message History

Aiming: Sandblast (safe; 1% risk of failure)
Press: ? - help, Shift-Dir - straight line, f/p - Duvessa
Aim: Duvessa, wielding a +0 short sword and wearing a +0 ring mail (heavily wounded, fast, 14% to evade)
The blast of sand hits Duvessa.
Duvessa is heavily wounded.
Duvessa hits you but does no damage. Duvessa hits you with a +0 short sword.
* * * LOW HITPOINT WARNING * * *
Casting: Sandblast (safe; 1% risk of failure)
Confirm with . or Enter, or press ? or * to list all spells.
Aiming: Sandblast (safe; 1% risk of failure)
Press: ? - help, Shift-Dir - straight line, f/p - Duvessa
Aim: Duvessa, wielding a +0 short sword and wearing a +0 ring mail (heavily wounded, fast, 14% to evade)
The blast of sand hits Duvessa!
Duvessa is severely wounded.
Duvessa hits you with a +0 short sword.
* * * LOW HITPOINT WARNING * * *
Duvessa hits you with a +0 short sword.
* * * LOW HITPOINT WARNING * * *
Duvessa hits you with a +0 short sword!
You die...

#.##.##..!..
#.##.+...♣..⌠
#.##.##..!..#
#.##.(##...##
#.##...##⌠##.
#.##.(..###..
#>#.........#
#######..#.....##.#
#.@e.e...(...#.##.#
#.#####[##...#.#...
#.# #.###........
###.# #.#......#...
#...# #.#..........
#.#######.#......#...
#.........#......)...
#..########..#.#§##..
#..# #..#.#.. ..


You could see Duvessa (fast) and Dowan.

Vanquished Creatures
  2 orc wizards (D:4)
  4 worker ants (D:4)
  4 adders
  A shadow imp (D:5)
  An ooze (D:3)
  An ufetubus (D:5)
  2 adder skeletons (D:4)
  A worm (D:2)
  3 dart slugs
  3 leopard geckos
  5 orcs
  3 giant cockroaches
  8 hobgoblins
  4 jackals
  3 bats
  3 frilled lizards
  3 goblins
  9 kobolds
  A rat (D:2)
61 creatures vanquished.

Notes
Turn   | Place    | Note
-------+----------+-------------------------------------------
     0 | D:1      | tardwrangler69 the Draconian Earth Elementalist began the
                  | quest for the Orb.
     0 | D:1      | Reached XP level 1. HP: 14/14 MP: 3/3
   614 | D:1      | Reached XP level 2. HP: 6/20 MP: 3/5
  1859 | D:2      | Reached XP level 3. HP: 26/26 MP: 6/6
  1991 | D:2      | Reached skill level 4 in Earth Magic
  2861 | D:3      | Reached XP level 4. HP: 24/33 MP: 8/8
  3431 | D:4      | Reached skill level 5 in Earth Magic
  3431 | D:4      | Reached XP level 5. HP: 21/38 MP: 9/9
  4069 | D:4      | Found Neta's Distillery.
  4629 | D:5      | Entered Level 5 of the Dungeon
  4653 | D:5      | Noticed cyberpod32's ghost (weakling SpDe)
  4655 | D:5      | Found a runed translucent door.
  4663 | D:5      | Reached XP level 6. HP: 33/45 MP: 11/11
  4666 | D:5      | Noticed Duvessa
  4667 | D:5      | Noticed Dowan
  4694 | D:5      | HP: 2/45 [Duvessa/+0 short sword (3)]
  4696 | D:5      | Slain by Duvessa

Illustrated notes

Levels and vault maps discovered:
D:1:      sevenhm_arrival_forest_fort_small_4, layout_basic
D:2:      layout_rooms
D:3:      layout_basic, minmay_statues_item
D:4:      layout_cave_pools, serial_shops, shop, minmay_misc_feat_nine_boxes
D:5:      layout_loops_ring, okawaru_gym_becter,
          minmay_temple_entry_gardened_gates, hellmonk_ghost_happy_afterlife,
          uniq_duvessa, uniq_grinder

Skill      XL: |  1  2  3  4 |
---------------+-------------+-----
Earth Magic    | 4 5 |  5.8
Spellcasting   | 3 |  3.7
Dodging        | |  1.7
Stealth        | |  1.7
Transmutations | |  1.0

Action                   |  1- 3 |  4- 6 || total
-------------------------+-------+-------++-------
Melee: Whip              |   133 |       ||   133
       Unarmed           |     4 |       ||     4
       Tailslap          |     8 |     4 ||    12
       Rapier            |    14 |    82 ||    96
 Cast: Sandblast         |     8 |    18 ||    26
  Use: Scroll            |     2 |     7 ||     9
 Stab: Sleeping          |     2 |     2 ||     4
Armor: Skin              |    47 |    20 ||    67
Dodge: Dodged            |   122 |    58 ||   180
